 Dungeon Crawl Stone Soup version 0.26-a0-1139-g7d2dc893a1 (webtiles) character file.

Game seed: 703714019178124731

17950 runemasterragnar the Quickloader (level 12, -6/72 HPs)
             Began as a Kobold Hunter on Dec 22, 2020.
             Was a High Priest of Okawaru.
             Killed from afar by a gargoyle (23 damage)
             ... with a stone arrow
             ... on level 11 of the Dungeon.
             The game lasted 00:36:39 (16808 turns).

runemasterragnar the Quickloader (Kobold Hunter)   Turns: 16808, Time: 00:36:40

Health: -6/72      AC: 16    Str: 14    XL:     12   Next: 89%
Magic:  18/18      EV: 19    Int: 15    God:    Okawaru [*****.]
Gold:   488        SH:  0    Dex: 19    Spells: 11/11 levels left

rFire    + . .     SeeInvis .   A - +5 falchion
rCold    . . .     Faith    +   (shield restricted)
rNeg     . . .     Spirit   .   L - +4 scale mail
rPois    .         Reflect  .   F - +1 hat {Int+3}
rElec    .         Harm     .   (no cloak)
rCorr    .         Rampage  .   s - +2 pair of gloves {Str+3}
Will     +....                  K - +0 pair of boots {Stlth+}
Stlth    ++++++....             j - amulet of faith
HPRegen  0.22/turn              c - ring of willpower
MPRegen  0.16/turn              r - ring of protection from fire

@: no status effects
A: small, repulsion field 1, camouflage 1, blurry vision 1, nightstalker 3,
sense surroundings 1
a: Renounce Religion, Heroism, Finesse


You were on level 11 of the Dungeon.
You worshipped Okawaru.
Okawaru was extremely pleased with you.
You visited 2 branches of the dungeon, and saw 13 of its levels.
You also visited: Gauntlet.

You collected 755 gold pieces.
You spent 267 gold pieces at shops.

Inventory:

Hand Weapons
 m - a +3 falchion of freezing
 o - a +2 arbalest
 t - a +1 dagger of freezing
 A - a +5 falchion (weapon)
 H - a +2 falchion of holy wrath
Missiles
 d - 151 bolts
Armour
 s - a +2 pair of gloves of strength (worn)
 C - +1 acid dragon scales
 E - a +2 leather armour of fire resistance
 F - a +1 hat of intelligence (worn)
 I - a +1 plate armour of fire resistance
 K - a +0 pair of boots of stealth (worn)
 L - a +4 scale mail (worn)
 P - the +2 ring mail of Uffam {Int+7}
   (You found it on level 11 of the Dungeon)

   It affects your intelligence (+7).
Magical Staves
 M - an uncursed staff of air {unknown}
Jewellery
 a - a cursed amulet of inaccuracy {unknown}
 c - a ring of willpower (left hand)
 j - an amulet of faith (around neck)
 r - a ring of protection from fire (right hand)
 u - an uncursed ring of protection from fire
 v - an uncursed ring of resist corrosion
 y - an uncursed ring of flight
 Q - an uncursed amulet of guardian spirit {unknown}
Wands
 g - a wand of digging (8)
 i - a wand of flame (14)
 k - a wand of random effects (53)
 J - a wand of polymorph (6)
 N - a wand of paralysis (13)
 O - a wand of iceblast (6)
Scrolls
 b - 2 scrolls of enchant weapon
 f - 4 scrolls of amnesia
 h - 15 scrolls of remove curse
 p - 2 scrolls of fear
 q - 9 scrolls of teleportation
 w - a scroll of identify
 z - a scroll of vulnerability
 G - 2 scrolls of silence
Potions
 e - 3 potions of curing
 n - 3 potions of cancellation
 x - a potion of flight
 B - a potion of magic
 D - 2 potions of brilliance
 R - a potion of attraction {unknown}
Miscellaneous
 l - a condenser vane (inert)


   Skills:
 + Level 7.3 Fighting
 + Level 9.6 Short Blades
 * Level 11.7 Crossbows
 + Level 5.1 Armour
 + Level 7.9 Dodging
 + Level 9.3 Stealth
 * Level 8.0 Invocations
 * Level 9.4 Evocations


You had 11 spell levels left.
You didn't know any spells.
Your spell library contained the following spells:

 Spells                   Type           Power        Failure   Level
 Animate Skeleton         Necr           0%           71%         1
 Freeze                   Ice            0%           71%         1
 Pain                     Necr           0%           71%         1
 Confusing Touch          Hex            0%           97%         3
 Frozen Ramparts          Ice            0%           97%         3
 Gell's Gravitas          Tloc           0%           97%         3
 Ozocubu's Armour         Ice            0%           97%         3
 Vampiric Draining        Necr           0%           97%         3
 Animate Dead             Necr           0%           100%        4
 Hailstorm                Conj/Ice       0%           100%        4
 Petrify                  Tmut/Erth      0%           100%        4
 Summon Ice Beast         Ice/Summ       0%           100%        4
 Agony                    Necr           0%           100%        5
 Metabolic Englaciation   Hex/Ice        0%           100%        5
 Yara's Violent Unravell  Hex/Tmut       0%           100%        5


Dungeon Overview and Level Annotations

Branches:
Dungeon (12/15)            Temple (1/1) D:4            Lair (0/6) D:9
    Orc (0/2) D:9         Gauntlet (visited)

Altars:
Ashenzari
Cheibriados
Dithmenos
Elyvilon
Gozag
Kikubaaqudgha
Nemelex Xobeh
Okawaru
Ru
Sif Muna
Trog
Uskayaw
Xom
Yredelemnul
Zin
The Shining One

Shops:
D:4 ?   D:7 (!(!

Annotations:
D:7 2 transporters, Zdeegee's ghost, novice DrIE


Innate Abilities, Weirdness & Mutations

You are small and have problems with some larger weapons.
You are completely attuned to the shadows.
You are surrounded by a mild repulsion field. (EV +2)
Your skin changes colour to match your surroundings (Stealth+).
Scrolls take you a little longer to read.
You passively map a small area around you.


Message History

Deactivating autopickup; reactivate with Ctrl-A.
The gargoyle hits you with a +0 mace!
You climb upwards.
Reactivating autopickup.
There is a stone staircase leading down here.
Unknown command.
Unknown command.
A - a +5 falchion (weapon)
You hit the gargoyle but do no damage. The gargoyle hits you with a +0 mace.
You barely miss the gargoyle. The gargoyle barely misses you.
You riposte.
You hit the gargoyle but do no damage. You hit the gargoyle but do no damage.
The gargoyle hurls a stone arrow at you.
The stone arrow hits you!
* * * LOW HITPOINT WARNING * * *
You hit the gargoyle.
The gargoyle is lightly damaged.
The gargoyle hurls a stone arrow at you.
The stone arrow hits you!!
You die...

..............#.....##.......#...
........##############.......#...
....###.#....##.....##########...
....# #.#....##.....##########)..
....# #.#....##..............#...
....###.#.†..##..............#...
........#....##..............#...
........#....##.9............####
........#....##.@............##..
...#....#....##.....###########..
...#....#....###'####.........#..
...#....#....#..........#####.#..
...#....#....#..........# #.'..
........#....#.####.....# #.#..
..#######....#.# #.....#####.###
..#....#.....#.# #..............
..#....#.....#.####..#########..[


You could see a gargoyle.

Vanquished Creatures
  Gastronok (D:10)
  A minotaur (Gauntlet)
  Harold (D:7)
  2 two-headed ogres (D:11)
  A sixfirhy (Gauntlet)
  Pikel (D:4)
  A cyclops (D:11)
  A manticore (D:11)
  2 rime drakes (Gauntlet)
  Maggie (D:7)
  2 trolls
  A slime creature (D:11)
  A shadow (D:11)
  4 fire elementals (D:12)
  A basilisk (D:11)
  13 yaks
  2 steam dragons
  2 soldier ants (D:10)
  A hell hound (D:12)
  2 orc warriors
  4 ice beasts
  A sky beast (D:10)
  5 necrophages (D:7)
  6 ogres
  4 phantoms
  11 centaurs
  10 bullfrogs
  A water moccasin zombie (D:7)
  A wyvern zombie (D:7)
  4 scorpions
  20 killer bees
  12 wights
  3 howler monkeys
  A centaur zombie (D:8)
  7 hounds
  A gnoll shaman (D:4)
  5 orc priests
  18 jellies
  A bullfrog skeleton (D:8)
  2 centaur skeletons
  4 iguanas
  8 orc wizards
  4 worker ants
  2 hound zombies
  2 hound skeletons
  2 mummies (D:7)
  3 worker ant zombies
  4 gnolls (D:4)
  A howler monkey skeleton (D:7)
  12 adders
  3 shadow imps
  2 white imps
  5 ufetubi
  11 oozes
  3 adder skeletons
  An adder zombie (D:5)
  4 worms
  4 leopard geckos
  43 orcs
  3 ball pythons
  5 bats
  2 giant cockroaches
  7 goblins
  2 hobgoblins
  16 jackals
  7 quokkas
  2 frilled lizards (D:2)
  3 jackal zombies
  5 kobolds
  A leopard gecko zombie (D:7)
  6 rats
335 creatures vanquished.

Vanquished Creatures (others)
  A shadow (D:10)
  An eye of draining (D:10)
  A bullfrog zombie (D:10)
  4 demonic plants (Gauntlet)
  3 fungi (D:11)
  4 withered plants (D:7)
14 creatures vanquished.

Grand Total: 349 creatures vanquished

Notes
Turn   | Place    | Note
-------+----------+-------------------------------------------
     0 | D:1      | runemasterragnar the Kobold Hunter began the quest for the
                  | Orb.
     0 | D:1      | Reached XP level 1. HP: 12/12 MP: 1/1
   403 | D:1      | Reached XP level 2. HP: 17/17 MP: 2/2
   476 | D:1      | Reached skill level 1 in Short Blades
   476 | D:1      | Reached skill level 5 in Crossbows
   632 | D:2      | Reached XP level 3. HP: 22/22 MP: 3/3
  1051 | D:2      | Found a snail-covered altar of Cheibriados.
  1094 | D:2      | Noticed a sky beast
  1711 | D:3      | Found a basalt altar of Yredelemnul.
  1754 | D:3      | Reached XP level 4. HP: 27/27 MP: 4/4
  1965 | D:3      | Reached skill level 1 in Armour
  2740 | D:3      | Gained mutation: Scrolls take you a little longer to read.
                  | [potion of mutation]
  2740 | D:3      | Gained mutation: Your skin changes colour to match your
                  | surroundings (Stealth+). [potion of mutation]
  2740 | D:3      | Gained mutation: You passively map a small area around you.
                  | [potion of mutation]
  2740 | D:3      | Gained mutation: You are surrounded by a mild repulsion
                  | field. (EV +2) [potion of mutation]
  2861 | D:4      | Reached XP level 5. HP: 32/32 MP: 5/5
  2980 | D:4      | Found Avint's Magic Scroll Emporium.
  2984 | D:4      | Bought a scroll of noise for 13 gold pieces
  3041 | D:4      | Found a sparkling altar of Nemelex Xobeh.
  3184 | D:4      | Noticed Pikel
  3184 | D:4      | Noticed a lemure
  3185 | D:4      | Noticed a lemure
  3186 | D:4      | Noticed a lemure
  3216 | D:4      | Killed Pikel
  3217 | D:4      | Reached skill level 5 in Short Blades
  3217 | D:4      | Reached skill level 6 in Crossbows
  3217 | D:4      | Reached XP level 6. HP: 26/38 MP: 6/6
  3217 | D:4      | Reached XP level 7. HP: 29/42 MP: 7/7
  3375 | D:5      | Entered Level 5 of the Dungeon
  4131 | D:5      | Found a shimmering blue altar of Sif Muna.
  4522 | D:6      | Reached skill level 7 in Crossbows
  4522 | D:6      | Reached XP level 8. HP: 40/48 MP: 8/8
  4639 | D:6      | Reached skill level 1 in Evocations
  4871 | D:6      | Found a glowing silver altar of Zin.
  5409 | D:5      | Found a hide-covered altar of Uskayaw.
  5409 | D:5      | Noticed a +0 dagger
  5410 | D:5      | Noticed a +0 dagger
  5488 | D:5      | Found a bloodstained altar of Trog.
  6462 | D:4      | Reached skill level 5 in Stealth
  6462 | D:4      | Reached XP level 9. HP: 52/52 MP: 9/9
  6664 | D:4      | Found a staircase to the Ecumenical Temple.
  6686 | Temple   | Entered the Ecumenical Temple
  6721 | Temple   | Became a worshipper of Warmaster Okawaru
  6901 | D:7      | Found Coeqiati's Distillery.
  6914 | D:7      | Bought a potion of degeneration for 14 gold pieces
  6975 | D:7      | Reached skill level 8 in Crossbows
  6975 | D:7      | Reached skill level 1 in Invocations
  7116 | D:7      | Reached skill level 5 in Dodging
  7292 | D:7      | Reached * piety under Okawaru
  7819 | D:7      | Found Ajaer's Antique Weapon Emporium.
  7821 | D:7      | Noticed Maggie
  7830 | D:7      | Killed Maggie
  7830 | D:7      | Reached ** piety under Okawaru
  7978 | D:7      | Found Kigeheagu's Antique Weapon Shoppe.
  8040 | D:7      | Noticed Harold
  8043 | D:7      | Found Vasmucri's Distillery.
  8065 | D:7      | Reached skill level 5 in Fighting
  8082 | D:7      | Killed Harold
  8082 | D:7      | Reached *** piety under Okawaru
  8083 | D:7      | Reached skill level 9 in Crossbows
  8083 | D:7      | Reached skill level 5 in Evocations
  8083 | D:7      | Reached XP level 10. HP: 22/59 MP: 12/12
  8127 | D:7      | Reached **** piety under Okawaru
  8342 | D:7      | Bought 2 potions of heal wounds for 110 gold pieces
  8736 | D:7      | Received a gift from Okawaru
  8853 | D:7      | Found a transporter.
  8854 | D:7      | Noticed Zdeegee's ghost (novice DrIE)
  8854 | D:7      | Identified the +3 great mace of Gevvab {freeze, +Blink}
  8854 | D:7      | Noticed a two-headed ogre
  8856 | D:7      | Found a transporter.
  9199 | D:7      | Bought an arbalest for 130 gold pieces
  9217 | D:8      | Found a sparkling altar of Nemelex Xobeh.
  9822 | D:8      | Reached ***** piety under Okawaru
  9859 | D:8      | Found a sacrificial altar of Ru.
 10169 | D:8      | Received a gift from Okawaru
 10170 | D:8      | Reached skill level 5 in Invocations
 10389 | D:9      | Reached XP level 11. HP: 42/64 MP: 14/14
 10672 | D:9      | Received a gift from Okawaru
 10889 | D:9      | Found a staircase to the Orcish Mines.
 10912 | D:9      | Found a staircase to the Lair.
 10957 | D:9      | Found a broken altar of Ashenzari.
 11031 | D:9      | Reached skill level 10 in Crossbows
 11659 | D:10     | Entered Level 10 of the Dungeon
 12820 | D:10     | Received a gift from Okawaru
 13170 | D:10     | Identified the ring of Ewko {rF+ Str+2}
 13170 | D:10     | Noticed a centaur warrior
 13444 | D:10     | Received a gift from Okawaru
 13610 | D:10     | Noticed Gastronok
 13618 | D:10     | Killed Gastronok
 13618 | D:10     | Received a gift from Okawaru
 13968 | D:11     | Reached XP level 12. HP: 65/71 MP: 17/17
 14032 | D:11     | Noticed a two-headed ogre
 14108 | D:11     | Killed a two-headed ogre
 14108 | D:11     | Received a gift from Okawaru
 14108 | D:11     | Received a gift from Okawaru
 14246 | D:11     | Found a gate leading to a gauntlet.
 14252 | Gauntlet | Entered a Gauntlet
 14252 | Gauntlet | Found a transporter.
 14261 | Gauntlet | Found a runed translucent door.
 14265 | Gauntlet | Found a transporter.
 14277 | Gauntlet | Found a transporter.
 14289 | Gauntlet | Found a transporter.
 14294 | Gauntlet | Noticed an entropy weaver
 14301 | Gauntlet | Found a transporter.
 14304 | Gauntlet | Noticed a great orb of eyes
 14318 | Gauntlet | Found a transporter.
 14353 | Gauntlet | Noticed a death yak
 14354 | Gauntlet | Noticed a death yak
 14354 | Gauntlet | Noticed a death yak
 14358 | Gauntlet | Noticed a death yak
 14361 | Gauntlet | Noticed a death yak
 14373 | Gauntlet | Found a transporter.
 14373 | Gauntlet | Noticed a sixfirhy
 14445 | Gauntlet | Found a transporter.
 14460 | Gauntlet | Noticed a death yak
 14611 | Gauntlet | Killed a sixfirhy
 14612 | Gauntlet | Reached skill level 11 in Crossbows
 14640 | Gauntlet | Found a transporter.
 14665 | Gauntlet | Found a transporter.
 14953 | Gauntlet | Noticed a minotaur
 14974 | Gauntlet | Killed a minotaur
 15864 | D:11     | Noticed a two-headed ogre
 15875 | D:11     | Killed a two-headed ogre
 15876 | D:11     | Reached skill level 5 in Armour
 16377 | D:11     | Got an ichor-stained ring mail
 16380 | D:11     | Identified the +2 ring mail of Uffam {Int+7} (You found it
                  | on level 11 of the Dungeon)
 16808 | D:11     | Killed from afar by a gargoyle

Illustrated notes

Levels and vault maps discovered:
D:1:      psy_arrival_basics, layout_loops_ring
D:2:      layout_basic, cheibriados_altar_1
D:3:      kennysheep_big_flooded_room, layout_loops_cross,
          nicolae_overflow_hidden_temple
D:4:      layout_loops_ring, minmay_temple_entry_trees, serial_shops,
          nicolae_shop_trees, serial_glass, glass_columns_a, glass_columns_a,
          glass_columns_a, glass_columns_c, glass_columns_a, glass_columns_c,
          hangedman_decor_lopped, grunt_ministairs_5,
          nemelex_diamond_rough_becter, uniq_pikel
D:5:      layout_gridville, lemuel_blue_sif_altar,
          nicolae_overflow_crystal_walls, dancing_weapons_uskayaw
D:6:      layout_rooms, lemuel_crystal_altar, kennysheep_decorative_pillar
D:7:      layout_basic, gammafunk_ghost_smash, serial_undead, serial_undead_a,
          serial_undead_f, serial_undead_e, serial_undead_c, serial_undead_a,
          serial_undead_a, serial_undead_a, serial_undead_e, serial_shops, shop,
          shop, shop, nicolae_shop_trees, uniq_maggie, uniq_harold
D:8:      layout_loops_ring, lemuel_crystal_altar, minmay_ruined_shrine
D:9:      layout_roguey, lemuel_round_altar, dpeg_oklobed_lair,
          minmay_fountain_box
D:10:     layout_irregular_city, serial_co_window_serial, co_window_paths_a,
          co_window_corner_a, co_window_of_opportunity_a, co_window_paths_a,
          co_window_of_opportunity_a, co_window_corner_b,
          co_window_unsneaky_path_b, co_window_unsneaky_path_b,
          co_window_broadway_c, co_window_corner_b, glass_columns_a,
          glass_columns_b, glass_columns_a, chequers_avenue,
          nrook_loot_triangle, nrook_mini_backslash, minivault_12,
          uniq_gastronok
D:11:     lemuel_slime, layout_stronghold, gauntlet_entry_generic
D:12:     hangedman_arrow_trap, layout_rooms, serial_shops,
          kennysheep_little_box, uniq_azrael, uniq_sonja
Temple:   eino_temple_water

Skill      XL: |  1  2  3  4  5  6  7  8  9 10 11 12 |
---------------+-------------------------------------+-----
Short Blades   | 1 2 5 6 7 8 9 |  9.6
Crossbows      | 5 6 7 9 10 11 | 11.7
Stealth        | 2 3 4 5 6 7 8 9 |  9.3
Armour         | 1 2 3 4 5 |  5.1
Dodging        | 3 4 5 6 7 |  7.9
Fighting       | 3 4 5 6 7 |  7.3
Evocations     | 3 5 6 8 9 |  9.4
Invocations    | 3 5 6 8 |  8.0

Action                   |  1- 3 |  4- 6 |  7- 9 | 10-12 || total
-------------------------+-------+-------+-------+-------++-------
Melee: Short sword       |    55 |    15 |   127 |       ||   197
       Dagger            |       |   107 |   133 |    49 ||   289
       Falchion          |       |       |    66 |   322 ||   388
       Punch             |       |       |       |     5 ||     5
 Fire: Hand crossbow     |    30 |       |   119 |    41 ||   190
       Arbalest          |       |       |       |   327 ||   327
Invok: Heroism           |       |       |     2 |     6 ||     8
       Finesse           |       |       |       |     2 ||     2
Evoke: Wand              |       |       |     5 |    25 ||    30
       Condenser vane    |       |       |       |     1 ||     1
  Use: Scroll            |     2 |     4 |    12 |     8 ||    26
       Potion            |       |     5 |     5 |     9 ||    19
 Stab: Sleeping          |     6 |     9 |     3 |    16 ||    34
       Paralysed         |       |       |     6 |    12 ||    18
       Distracted        |       |       |     1 |     1 ||     2
       Invisible         |       |       |     1 |       ||     1
Armor: Ring mail         |    10 |    19 |    45 |       ||    74
       Skin              |       |       |    63 |       ||    63
       Acid dragon scale |       |       |     1 |   103 ||   104
       Scale mail        |       |       |       |    46 ||    46
Dodge: Dodged            |    33 |    96 |   263 |   775 ||  1167
       Rpst.: Falchion   |       |       |    11 |   133 ||   144

Table legend: (Time is in decaauts)
 A = Elapsed time spent in this place.
 B = Non-inter-level travel time spent in this place.
 C = Inter-level travel time spent in this place.
 D = Time resting spent in this place.
 E = Time spent auto-exploring this place.
 F = Levels seen in this place.
 G = Mean time per level.
                   A        B        C        D        E       F      G
               +--------+--------+--------+--------+--------+-----+--------+
         Total |  16807 |  16302 |    505 |   1597 |  11749 |  14 | 1200.5 |
       Dungeon |  16005 |  15514 |    491 |   1376 |  11511 |  12 | 1333.8 |
        Temple |     49 |     35 |     14 |      0 |     30 |   1 |   49.0 |
      Gauntlet |    751 |    751 |      0 |    221 |    208 |   1 |  751.0 |
               +--------+--------+--------+--------+--------+-----+--------+

Top non-repeatable levels by time:
     D:7: 2331 daAuts
    D:10: 2293 daAuts
     D:5: 1861 daAuts
    D:11: 1759 daAuts
     D:9: 1318 daAuts
     D:3: 1241 daAuts
     D:8: 1191 daAuts
     D:4: 1147 daAuts
     D:6: 917 daAuts
     D:2: 846 daAuts
Gauntlet: 751 daAuts
     D:1: 749 daAuts
    D:12: 346 daAuts
  Temple: 49 daAuts
